 Dungeon Sprint DCSS version 0.31-a0-640-g39d97e502b (webtiles) character file.

Game seed: 13123768209187397199

12469 Revguard the Severer (level 11, -3/165 HPs)
             Began as a Hill Orc Fighter on Aug 28, 2023.
             Was the Champion of Beogh.
             Killed from afar by Wishra the pandemonium lord (4 damage)
             ... with an orb of electricity
             ... in the Dungeon (Sprint V: "Ziggurat Sprint").
             The game lasted 00:08:36 (713 turns).

Revguard the Severer (Hill Orc Fighter)              Turns: 713, Time: 00:08:38

Health: -3/165     AC: 38    Str: 32    XL:     11   Next: 93%
Magic:  21/21      EV:  8    Int:  8    God:    Beogh [******]
Gold:   0          SH: 31    Dex: 17    Spells: 10/10 levels left

rFire   + . .        B - +16 obsidian axe {drain, demonic, Mesm Drain Fly SInv}
rCold   . . .        D - +18 shield of the Gong {Loud rN+ Will+ rCorr EV-5}
rNeg    + . .        C - +15 Maxwell's patent armour {-Cast -Tele rElec Will+ rCorr}
rPois   .            x - +2 helmet {SInv}
rElec   +            (no cloak)
rCorr   +            a - +2 pair of gloves {Dex+3}
SInv    +            (no boots)
Will    ++...        M - amulet "Qafug" {Fly rF+ Regen+ rCorr} Stlth
                     z - +6 ring of strength
HPRegen 1.27/turn    A - +6 ring of strength
MPRegen 0.17/turn

%: no teleportation, no spellcasting
@: mighty, berserking, flying, mesmerised, studying Armour, very quick
A: walk on water
a: Renounce Religion, Smiting, Recall Orcish Followers, Give Item to Named
Follower, Resurrection


You were in the Dungeon.
You worshipped Beogh.
Beogh was exalted by your worship.
You visited 1 branch

Inventory:

Hand Weapons
 B - the +16 obsidian axe (weapon) {drain, demonic, Mesm Drain Fly SInv}
   (You found it in the Dungeon)

   Mesm:      Its wielder is mesmerised by any visible foes, and it cannot be
   unequipped while any foes are visible.
   SInv:      It lets you see invisible.
   Fly:       It grants you flight.
   Drain:     It drains your maximum health when unequipped.
 H - a +3 war axe of draining
 J - a +3 dire flail of protection
 L - the +5 arbalest "Ynoterch" {heavy, rPois rF+}
   (You found it in the Dungeon)

   rF+:       It protects you from fire.
   rPois:     It protects you from poison
Armour
 a - a +2 pair of gloves of dexterity (worn)
 b - the +9 plate armour of Zuqear {Rampage rF++ Str+8 Int-5}
   (You found it in the Dungeon)

   Str+8:     It affects your strength (+8).
   Int-5:     It affects your intelligence (-5).
   rF++:      It greatly protects you from fire.
   Rampage:   It bestows one free step when moving towards enemies.
 c - the +8 plate armour of Brilliance {Int+2 Stlth+}
   (You found it in the Dungeon)

   Int+2:     It affects your intelligence (+2).
   Stlth+:    It makes you more stealthy.
 x - a +2 helmet of see invisible (worn)
 C - the +15 Maxwell's patent armour (worn) {-Cast -Tele rElec Will+ rCorr}
   (You found it in the Dungeon)

   rElec:     It insulates you from electricity.
   Will+:     It increases your willpower.
   -Cast:     It prevents spellcasting.
   -Tele:     It prevents most forms of teleportation.
   rCorr:     It protects you from acid and corrosion.
 D - the +18 shield of the Gong (worn) {Loud rN+ Will+ rCorr EV-5}
   (You found it in the Dungeon)

   Loud:      It is deafeningly noisy when blocking attacks.
   EV-5:      It affects your evasion (-5).
   rN+:       It protects you from negative energy.
   Will+:     It increases your willpower.
   rCorr:     It protects you from acid and corrosion.
Jewellery
 u - a ring of flight
 v - a +6 ring of dexterity
 w - a +6 ring of dexterity
 y - an amulet of faith
 z - a +6 ring of strength (left hand)
 A - a +6 ring of strength (right hand)
 G - a ring of poison resistance
 I - an amulet of regeneration
 K - a ring of magical power
 M - the amulet "Qafug" (around neck) {Fly rF+ Regen+ rCorr}
   (You found it in the Dungeon)

   [amulet of regeneration]

   rF+:       It protects you from fire.
   Fly:       It grants you flight.
   Regen+:    It increases your rate of health regeneration.
   rCorr:     It protects you from acid and corrosion.
Wands
 n - a wand of charming (14)
 s - a wand of mindburst (7)
 t - a wand of acid (7)
 E - a wand of flame (33)
 F - a wand of roots (10)
Scrolls
 j - 4 scrolls of blinking
 o - 4 scrolls of amnesia
 p - 8 scrolls of fog
 q - 5 scrolls of identify
 r - 2 scrolls of fear
 N - 5 scrolls of enchant armour
Potions
 d - 5 potions of might
 e - 10 potions of curing
 f - 9 potions of heal wounds
 g - 6 potions of haste
 h - 7 potions of magic
 i - 2 potions of berserk rage
 k - 2 potions of brilliance
 l - 2 potions of invisibility
 m - 4 potions of resistance


   Skills:
 + Level 14.2 Fighting
 + Level 15.2 Axes
 + Level 14.5 Armour
 + Level 9.5 Dodging
 + Level 12.7 Shields
 + Level 14.4 Invocations
 + Level 11.3 Evocations


You had 10 spell levels left.
You didn't know any spells.
Your spell library contained the following spells:

 Spells                   Type           Power      Damage    Failure   Level
 Shock                    Conj/Air       0%         1d3       97%         1
 Blink                    Tloc           0%         N/A       99%         2
 Cigotuvi's Dreadful Rot  Necr/Pois/Air  0%         N/A       99%         2
 Ensorcelled Hibernation  Hex/Ice        0%         N/A       99%         2
 Momentum Strike          Conj/Tloc      0%         3d8       99%         2
 Wereblood                Tmut           0%         N/A       99%         2
 Inner Flame              Hex/Fire       0%         N/A       100%        3
 Ozocubu's Armour         Ice            0%         N/A       100%        3
 Swiftness                Air            0%         N/A       100%        3
 Tukima's Dance           Hex            0%         N/A       100%        3
 Airstrike                Air            0%         2d(0-16)  100%        4
 Anguish                  Hex/Necr       0%         N/A       100%        4
 Cause Fear               Hex            0%         N/A       100%        4
 Dispel Undead            Necr           0%         3d6       100%        4
 Flame Wave               Conj/Fire      0%         2d4       100%        4
 Manifold Assault         Tloc           0%         N/A       100%        4
 Passage of Golubria      Tloc           0%         N/A       100%        4
 Petrify                  Tmut/Erth      0%         N/A       100%        4
 Sticky Flame             Conj/Fire      0%         2d3       100%        4
 Alistair's Intoxication  Tmut/Pois      0%         N/A       100%        5
 Irradiate                Conj/Tmut      0%         3d11      100%        5
 Yara's Violent Unravell  Hex/Tmut       0%         3d3       100%        5
 Conjure Ball Lightning   Conj/Air       0%         3x3d6     100%        6
 Death Channel            Necr           0%         N/A       100%        6
 Enfeeble                 Hex            0%         N/A       100%        7
 Discord                  Hex            0%         N/A       100%        8
 Disjunction              Tloc           0%         N/A       100%        8
 Shatter                  Erth           0%         3d5*      100%        9


Dungeon Overview and Level Annotations

Branches:
Dungeon (1/1)

Altars:
Ashenzari
Cheibriados
Dithmenos
Elyvilon
Fedhas
Gozag
Hepliaklqana
Kikubaaqudgha
Makhleb
Nemelex Xobeh
Okawaru
Qazlal
Ru
Sif Muna
Trog
Uskayaw
Vehumet
Wu Jian
Xom
Yredelemnul
Zin
The Shining One
Beogh
Jiyva
Lugonu

Annotations:
D 1 transporter


Message History

You slash the sixfirhy!
Visions of slaying Kaurchen flood into your mind.
You block the sixfirhy's attack.
PTOANNNG!
You block the sixfirhy's attack.
GONNNNG!
Taddom hits you but does no damage. Kaurchen hits you!!
* * * LOW HITPOINT WARNING * * *
Kaurchen burns you.
* * * LOW HITPOINT WARNING * * *
Your sun demon hits the soul eater!
The soul eater is engulfed in flames!
You block the sixfirhy's attack.
SHROANNG!
Your smoke demon hits Wishra!
Your smoke demon hits Wishra.
Your smoke demon barely misses Wishra.
The soul eater hits you!
* * * LOW HITPOINT WARNING * * *
Your hellwing barely misses the rust devil.
Your hellwing hits the rust devil! The rust devil hits your orc sorcerer.
Your orc sorcerer seems to be corroded for longer.
Wishra gestures at your smoke demon.
The orb of electricity explodes!
The orb of electricity engulfs your smoke demon!!!!
Your smoke demon dies!
Your smoke demon disappears in a puff of smoke!
The orb of electricity engulfs the rust devil!
The rust devil resists.
The orb of electricity engulfs the rust devil!!!
The rust devil resists.
The orb of electricity engulfs Wishra!!
Wishra resists.
The orb of electricity engulfs the neqoxec!!!!
The neqoxec dies!
The orb of electricity engulfs the Ice Fiend!!!
The orb of electricity engulfs your hellwing!!!!
Your hellwing dies!
Your hellwing disappears in a puff of smoke!
The orb of electricity engulfs Kaurchen!
Kaurchen resists.
The orb of electricity engulfs your orc sorcerer!!!
Your orc sorcerer dies!
The orb of electricity engulfs you. You resist.
You die...

▓▓▓▓▓▓▓▓▓▓▓▓▓▓▓▓▓▓▓
▓...8©8...▓...8©8...▓
▓..||)|[..▓...|[....▓
▓..:))|[..▓.........▓
▓.........▓.........▓
▓.........▓.........▓
▓.§416....▓....††...▓
▓.4&&&3...▓.........▓
▓.§)@31...▓.▓.....▓.▓
▓.▓3.33.▓.▓....©....▓
▓....©....▓▓▓▓▓▓▓▓▓▓▓
▓▓▓▓▓▓▓▓▓▓▓


You could see Kaurchen (mesmerising, unaware), Taddom, Wishra (unaware, ally
target), a Brimstone Fiend, an Ice Fiend, a demonspawn corrupter, a soul eater
(summoned, ally target), 2 rust devils, a sixfirhy (summoned), a smoke demon, a
friendly sun demon (summoned) and a friendly sixfirhy (summoned).

Vanquished Creatures
  An ironbound preserver (D)
  2 green draconians (D)
  2 purple draconians (D)
  A vault guard (D)
  An ironbound frostheart (D)
  3 two-headed ogres (D)
  A glowing orange brain (D)
  A worldbinder (D)
  2 draconians (D)
  A large abomination (D)
  A troll (D)
  A chaos spawn (D)
  A wolf (D)
  A quasit (D)
  An orc priest (D)
  4 iron imps (D)
  An orc wizard (D)
  A river rat (D)
  2 ufetubi (D)
  2 orcs (D)
  A ball python skeleton (D)
  A quokka skeleton (D)
  A quokka zombie (D)
33 creatures vanquished.

Vanquished Creatures (collateral kills)
  A black draconian (D)
  A yaktaur captain (D)
  A vault guard (D)
  A two-headed ogre (D)
  An ironbound convoker (D)
  A cyclops (D)
  2 hell hounds (D)
  A crimson imp (D)
  An orc priest (D)
  3 iron imps (D)
  A shadow imp (D)
  A white imp (D)
  An ufetubus (D)
  An adder skeleton (D)
  2 orcs (D)
  A jackal skeleton (D)
  A quokka zombie (D)
21 creatures vanquished.

Vanquished Creatures (others)
  An orc sorcerer (D)
  A neqoxec (D)
2 creatures vanquished.

Grand Total: 56 creatures vanquished

Notes
Turn   | Place    | Note
-------+----------+-------------------------------------------
     0 | D        | Revguard the Hill Orc Fighter began the quest for the Orb.
     0 | D        | Reached XP level 1. HP: 19/19 MP: 1/1
     0 | D        | Found a blossoming altar of Fedhas.
     0 | D        | Found the +6 Majin-Bo {spellvamp, MP+6 Int+6}
     0 | D        | Found the +27 heavy crossbow "Sniper" {heavy, Acc+∞ SInv}
     0 | D        | Found the +10 dark maul {heavy}
     0 | D        | Found the +15 Maxwell's patent armour {-Cast -Tele rElec
                  | Will+ rCorr}
     0 | D        | Found the +18 shield of the Gong {Loud rN+ Will+ rCorr
                  | EV-5}
     0 | D        | Found the +16 obsidian axe {drain, demonic, Mesm Drain Fly
                  | SInv}
     0 | D        | Found the +7 great mace "Firestarter" {flame, immolate,
                  | rFlCloud rF++}
     0 | D        | Found the +6 shillelagh "Devastator" {shatter}
     0 | D        | Found the +11 plutonium sword {Contam Stlth-}
     0 | D        | Found the +8 lance "Wyrmbane" {slay drac, rPois rF+ rC+
                  | AC+3}
     0 | D        | Found the +9 sword of Zonguldrok {reap}
     0 | D        | Found the +13 scythe of Curses {drain, curses, Drain}
     0 | D        | Found the +9 sword of Power {lifebolt}
     0 | D        | Found the +7 mace of Variability {chaos, chaos arc}
     0 | D        | Found the +11 Singing Sword {sonic wave}
     0 | D        | Found the +8 storm bow {elec, penet}
     1 | D        | Found a shimmering blue altar of Sif Muna.
     1 | D        | Found a sacrificial altar of Ru.
     1 | D        | Found a bloodstained altar of Trog.
     1 | D        | Found a stormy altar of Qazlal.
     1 | D        | Found an iron altar of Okawaru.
     1 | D        | Found a sparkling altar of Nemelex Xobeh.
     3 | D        | Found a transporter.
     3 | D        | Found an ancient bone altar of Kikubaaqudgha.
     3 | D        | Found a viscous altar of Jiyva.
     3 | D        | Found a corrupted altar of Lugonu.
     3 | D        | Found a hazy altar of Hepliaklqana.
     3 | D        | Found a burning altar of Makhleb.
     3 | D        | Found an opulent altar of Gozag.
    49 | D        | Reached skill level 5 in Fighting
    49 | D        | Reached skill level 4 in Axes
    49 | D        | Reached XP level 2. HP: 29/29 MP: 1/4
    64 | D        | Became a worshipper of Beogh the Brigand
    74 | D        | Entered arena 2.
    74 | D        | Noticed a wolf
    74 | D        | Found a transporter.
    79 | D        | Killed a wolf
    80 | D        | Reached skill level 5 in Axes
    80 | D        | Reached skill level 5 in Armour
    80 | D        | Reached skill level 5 in Shields
    80 | D        | Reached XP level 3. HP: 37/37 MP: 4/6
    80 | D        | Reached XP level 4. HP: 44/44 MP: 4/7
   110 | D        | Entered arena 3.
   110 | D        | Found a transporter.
   114 | D        | Reached * piety under Beogh
   115 | D        | Reached skill level 6 in Axes
   115 | D        | Reached skill level 5 in Invocations
   115 | D        | Reached XP level 5. HP: 38/50 MP: 8/8
   116 | D        | Reached ** piety under Beogh
   121 | D        | Entered arena 4.
   121 | D        | Noticed a glowing orange brain
   121 | D        | Found a transporter.
   125 | D        | Killed a glowing orange brain
   126 | D        | Reached skill level 8 in Axes
   126 | D        | Reached skill level 5 in Evocations
   126 | D        | Reached XP level 6. HP: 50/62 MP: 9/11
   126 | D        | Reached XP level 7. HP: 56/69 MP: 9/12
   128 | D        | Reached skill level 5 in Dodging
   128 | D        | Reached *** piety under Beogh
   157 | D        | Entered arena 5.
   157 | D        | Found a transporter.
   160 | D        | Reached skill level 9 in Axes
   161 | D        | Reached **** piety under Beogh
   169 | D        | Entered arena 6.
   169 | D        | Found a transporter.
   170 | D        | Reached ***** piety under Beogh
   184 | D        | Entered arena 7.
   184 | D        | Noticed a vault guard
   184 | D        | Noticed a yaktaur captain
   184 | D        | Noticed an ironbound preserver
   184 | D        | Noticed an ironbound convoker
   184 | D        | Noticed a vault guard
   184 | D        | Noticed an ironbound frostheart
   185 | D        | Found a transporter.
   192 | D        | Killed a vault guard
   192 | D        | Killed an ironbound convoker
   193 | D        | Reached skill level 10 in Fighting
   193 | D        | Reached skill level 10 in Axes
   193 | D        | Reached XP level 8. HP: 11/79 MP: 13/15
   193 | D        | Reached XP level 9. HP: 12/85 MP: 13/16
   194 | D        | Killed an ironbound frostheart
   195 | D        | Reached skill level 11 in Axes
   195 | D        | Reached skill level 10 in Invocations
   195 | D        | Killed an ironbound preserver
   195 | D        | Killed a yaktaur captain
   196 | D        | Reached skill level 12 in Axes
   196 | D        | Reached skill level 10 in Armour
   196 | D        | Reached skill level 10 in Shields
   196 | D        | Reached XP level 10. HP: 15/96 MP: 13/18
   198 | D        | Killed a vault guard
   214 | D        | Acquired a manual of Armour
   436 | D        | Entered arena 8.
   436 | D        | Noticed a two-headed ogre
   436 | D        | Noticed a two-headed ogre
   436 | D        | Noticed a two-headed ogre
   436 | D        | Noticed a cyclops
   436 | D        | Noticed a two-headed ogre
   437 | D        | Found a transporter.
   441 | D        | Killed a two-headed ogre
   442 | D        | Killed a two-headed ogre
   442 | D        | Reached ****** piety under Beogh
   443 | D        | Reached skill level 13 in Axes
   444 | D        | Killed a two-headed ogre
   444 | D        | Killed a cyclops
   445 | D        | Reached skill level 10 in Evocations
   445 | D        | Reached XP level 11. HP: 102/105 MP: 18/20
   446 | D        | Killed a two-headed ogre
   456 | D        | Got the +9 plate armour of Zuqear {Rampage rF++ Str+8
                  | Int-5}
   458 | D        | Got the +8 plate armour of Brilliance {Int+2 Stlth+}
   477 | D        | Entered arena 9.
   477 | D        | Noticed a draconian
   477 | D        | Noticed a purple draconian
   477 | D        | Noticed a green draconian
   477 | D        | Noticed a black draconian
   477 | D        | Noticed a purple draconian
   477 | D        | Noticed a draconian
   477 | D        | Noticed a green draconian
   478 | D        | Found a transporter.
   484 | D        | Killed a green draconian
   485 | D        | Reached skill level 14 in Axes
   485 | D        | Killed a purple draconian
   486 | D        | Killed a draconian
   486 | D        | Killed a green draconian
   487 | D        | Killed a draconian
   488 | D        | Killed a purple draconian
   490 | D        | Killed a black draconian
   499 | D        | Got the Spellbook of Poor Excuses
   504 | D        | Got the Writings on the Caves and Poisoning
   530 | D        | Entered arena 10.
   530 | D        | Noticed a worldbinder
   531 | D        | Noticed a goliath frog
   531 | D        | Found a transporter.
   533 | D        | Noticed a bog body
   533 | D        | Noticed a bog body
   533 | D        | Killed a worldbinder
   534 | D        | Reached skill level 15 in Axes
   542 | D        | Got the +5 arbalest "Ynoterch" {heavy, rPois rF+}
   547 | D        | Got the amulet "Qafug" {Fly rF+ Regen+ rCorr}
   665 | D        | Entered arena 11.
   666 | D        | Found a transporter.
   700 | D        | Entered arena 12.
   700 | D        | Found the +5 glaive of the Guard {elec, spectral, AC+5}
   700 | D        | Noticed Wishra the pandemonium lord
   700 | D        | Noticed a demonspawn corrupter
   700 | D        | Noticed Kaurchen the pandemonium lord
   700 | D        | Noticed an Ice Fiend
   700 | D        | Noticed a Brimstone Fiend
   701 | D        | Noticed a rockslime
   701 | D        | Noticed Taddom the pandemonium lord
   702 | D        | Noticed an acid blob
   702 | D        | Found a transporter.
   709 | D        | Noticed a soul eater
   709 | D        | Noticed a sixfirhy
   713 | D        | HP: 1/165 [soul eater[Taddom] (11)]
   713 | D        | Killed from afar by Wishra the pandemonium lord

Illustrated notes

Levels and vault maps discovered:
D:        sprint_v [room_start, room_1, room_2, room_3, room_4, room_5, room_6,
          room_7, room_8, room_9, room_10, room_11, room_12, room_13, room_14,
          room_15, room_16, room_17, room_18, room_19, room_20, room_21,
          room_22, room_23, room_24, room_25, room_26, room_27]

Skill      XL: |  1  2  3  4  5  6  7  8  9 10 11 |
---------------+----------------------------------+-----
Fighting       | 5 6 8 10 11 12 14 | 14.2
Axes           | 4 5 6 8 10 12 13 15 | 15.2
Armour         | 4 5 7 9 10 12 14 | 14.5
Dodging        | 2 3 4 6 7 8 9 |  9.5
Shields        | 4 5 7 9 10 11 12 | 12.7
Invocations    | 3 4 5 7 9 11 12 14 | 14.4
Evocations     | 2 3 5 7 8 10 11 | 11.3

Action                     |  1- 3 |  4- 6 |  7- 9 | 10-12 || total
---------------------------+-------+-------+-------+-------++-------
  Melee: Broad axe         |     5 |     7 |    14 |    34 ||    60
    Use: Potion            |     1 |       |     1 |     2 ||     4
         Scroll            |       |       |       |     4 ||     4
   Stab: Paralysed         |       |       |       |     4 ||     4
         Distracted        |       |       |       |     1 ||     1
 Armour: Plate armour      |     5 |     6 |     4 |    15 ||    30
  Dodge: Dodged            |       |     2 |     3 |     4 ||     9
  Block: Kite shield       |    10 |    15 |    17 |    54 ||    96

Table legend: (Time is in decaauts)
 A = Elapsed time spent in this place.
 B = Non-inter-level travel time spent in this place.
 C = Inter-level travel time spent in this place.
 D = Time resting spent in this place.
 E = Time spent auto-exploring this place.
 F = Levels seen in this place.
 G = Mean time per level.
                   A        B        C        D        E       F      G
               +--------+--------+--------+--------+--------+-----+--------+
         Total |    716 |    716 |      0 |    368 |      0 |   1 |  716.0 |
       Dungeon |    716 |    716 |      0 |    368 |      0 |   1 |  716.0 |
               +--------+--------+--------+--------+--------+-----+--------+

Top non-repeatable levels by time:
       D: 716 daAuts
